Map: [ESL] Gresvan

Players

Lambo

  • Race: Zerg Zerg
  • Spawn Location: 11:00

Serral - Winner!

  • Race: Zerg Zerg
  • Spawn Location: 5:00

Event: ESL SC2 Masters 2023 Summer (Regionals)

VOD

Have the link to the VOD?

Description

Time

  • Played on: May 19, 2023, 11:43 a.m.
  • Length: 12:45

All games in this series

Show
View Real Time Build Order
Export as new Build Order

Lambo Zerg 

Build Orders: Hatch First 

Get SALT Encoding   

  12  0:00  Drone  
  13  0:12  Overlord  
  13  0:17  Drone  
  14  0:31  Drone x2  
  16  0:47  Hatchery  
  15  0:51  Drone  
  15  0:54  Drone  
  17  0:57  Drone  
  18  1:09  Extractor  
  17  1:12  Spawning Pool  
  17  1:15  Drone  
  17  1:18  Drone  
  18  1:27  Drone  
  19  1:39  Drone  
  20  1:49  Drone  
  21  1:59  Queen x2  
  21  2:00  Overlord, Zergling x2  
  26  2:08  Metabolic Boost  
  26  2:09  Drone  
  26  2:11  Drone  
  28  2:21  Drone x2  
  30  2:31  Drone  
  30  2:32  Drone  
  32  2:38  Hatchery  
  31  2:48  Drone, Baneling Nest  
  31  2:50  Drone  
  32  2:53  Drone  
  32  2:56  Overlord  
  33  3:06  Roach Warren  
  33  3:08  Zergling x4  
  33  3:10  Zergling x2  
  35  3:13  Drone  
  35  3:14  Zergling x2  
  35  3:18  Overlord  
  37  3:28  Evolution Chamber  
  37  3:43  Overlord  
  37  3:46  Roach x6  
  49  3:49  Roach  
  49  3:53  Roach  
  53  3:57  Roach  
  55  4:04  Roach  
  55  4:07  Zergling x8  
  61  4:13  Zergling x8  
  61  4:16  Baneling  
  65  4:18  Baneling  
  65  4:20  Zergling x2  
  66  4:28  Overlord  
  66  4:33  Baneling  
  65  4:44  Zergling x6  
  66  4:47  Drone x6  
  66  4:49  Drone x4  
  66  4:50  Drone  
  68  4:54  Drone  
  68  4:58  Drone  
  70  5:03  Drone x2  
  71  5:10  Drone  
  71  5:12  Drone x2  
  68  5:15  Extractor  
  68  5:19  Evolution Chamber  
  68  5:21  Queen  
  68  5:23  Drone x2  
  68  5:24  Drone x2  
  74  5:28  Overlord, Lair  
  74  5:29  Extractor  
  74  5:33  Drone, Overlord  
  72  5:36  Drone x2  
  72  5:38  Overlord  
  74  5:47  Roach x4  
  82  5:52  Roach, Zergling x2  
  82  5:53  Roach, Zergling x6  
  90  5:58  Drone x3  
  92  6:06  Extractor  
  92  6:07  Drone x2  
  92  6:08  Drone  
  92  6:11  Zerg Missile Weapons Level 1  
  94  6:17  Drone x2, Hatchery  
  95  6:21  Pneumatized Carapace  
  95  6:22  Drone x3  
  98  6:30  Overlord  
  98  6:32  Overlord  
  98  6:33  Extractor x2, Glial Reconstitution  
  98  6:35  Drone  
  98  6:36  Drone  
  98  6:38  Overlord  
  98  6:41  Overlord, Overseer  
  97  6:49  Drone x7  
  97  6:50  Drone  
  97  6:52  Drone  
  106  6:55  Drone x3  
  106  7:00  Drone  
  110  7:03  Evolution Chamber  
  110  7:07  Roach x4  
  117  7:10  Roach x2  
  117  7:14  Roach  
  117  7:15  Roach x2  
  127  7:18  Overlord  
  127  7:23  Queen  
  127  7:28  Overlord  
  129  7:31  Roach x3  
  129  7:34  Overlord x2  
  129  7:36  Overlord x2  
  135  7:39  Overlord  
  135  7:41  Zerg Ground Armor Level 1  
  135  7:46  Queen  
  135  7:47  Overlord  
  137  7:53  Roach x7  
  137  7:55  Drone x3  
  137  7:57  Tunneling Claws  
  154  7:59  Burrow  
  154  8:03  Drone  
  154  8:04  Ravager x3  
  154  8:05  Extractor  
  157  8:06  Zerg Missile Weapons Level 2  
  157  8:10  Spore Crawler  
  157  8:11  Spore Crawler x2  
  157  8:12  Drone, Spore Crawler  
  154  8:13  Drone  
  154  8:18  Hydralisk Den  
  154  8:19  Drone x2  
  156  8:23  Roach x3  
  156  8:25  Drone x2  
  164  8:31  Roach x4  
  169  8:34  Overlord  
  169  8:36  Overlord  
  169  8:38  Overlord x2  
  164  8:41  Overlord  
  164  8:44  Ravager  
  164  8:46  Overlord  
  167  8:48  Roach  
  167  8:51  Overlord, Muscular Augments  
  167  8:52  Overlord  
  167  8:56  Ravager x2  
  167  8:58  Roach x5  
  167  8:59  Hydralisk  
  167  9:02  Hydralisk  
  181  9:05  Hydralisk  
  179  9:11  Hydralisk x4  
  179  9:12  Roach x25  
  179  9:14  Roach x2  
  179  9:17  Roach  
  183  9:18  Roach x2  
  183  9:21  Roach  
  183  9:23  Roach  
  175  9:25  Roach  
  175  9:27  Roach x2  
  175  9:29  Roach  
  179  9:33  Roach x2  
  179  9:38  Roach x3  
  165  9:39  Roach  
  165  9:42  Roach x2  
  159  9:48  Roach x3  
  165  9:56  Roach x3  
  171  10:02  Grooved Spines  
  171  10:03  Roach x4  
  171  10:05  Roach  
  171  10:06  Roach  
  183  10:11  Roach x3  
  183  10:12  Roach  
  179  10:15  Roach  
  179  10:18  Roach  
  179  10:19  Roach x2  
  179  10:24  Roach x3  
  179  10:26  Roach x3  
  179  10:28  Roach x2  
  174  10:31  Roach x2  
  178  10:36  Roach x4  
  186  10:42  Roach x3  
  186  10:45  Roach x4  
  194  10:52  Roach x3  
  200  10:58  Hatchery  
  197  11:08  Roach  
  199  11:11  Roach  
  199  11:15  Roach  
  193  11:19  Roach x3  
  193  11:23  Roach  
  197  11:31  Hydralisk x5  
  180  11:34  Roach x2  
  180  11:38  Roach  
  179  11:42  Roach x2  
  179  11:46  Roach  
  171  11:53  Roach  
  156  11:58  Roach  
  140  12:08  Roach  
  133  12:12  Roach, Zergling x12  
Show
View Real Time Build Order
Export as new Build Order

Serral Zerg - Winner!

Build Orders: Hatch First 

Get SALT Encoding   

  12  0:00  Drone  
  13  0:12  Overlord  
  13  0:16  Drone  
  14  0:30  Drone x2  
  16  0:47  Hatchery  
  15  0:51  Drone  
  15  0:54  Drone  
  17  0:57  Drone  
  18  1:07  Extractor  
  17  1:12  Spawning Pool  
  17  1:15  Drone  
  17  1:19  Drone  
  18  1:27  Drone  
  19  1:38  Drone  
  20  1:49  Drone  
  21  1:59  Queen x2  
  21  2:00  Overlord, Zergling x2  
  26  2:08  Metabolic Boost  
  26  2:10  Drone x2  
  28  2:21  Drone, Zergling x2  
  30  2:33  Hatchery  
  30  2:35  Drone  
  30  2:38  Drone  
  30  2:42  Drone  
  32  2:45  Baneling Nest  
  32  2:50  Overlord  
  31  2:53  Drone  
  31  2:55  Drone  
  33  3:01  Queen  
  35  3:06  Drone  
  35  3:08  Drone  
  35  3:11  Drone x2  
  39  3:15  Overlord  
  39  3:17  Zergling x2  
  41  3:20  Zergling x2  
  41  3:22  Zergling x2  
  41  3:27  Drone x2  
  44  3:37  Overlord, Roach Warren  
  44  3:39  Drone x2  
  44  3:43  Extractor, Drone x2  
  44  3:46  Drone x2  
  47  3:51  Drone x2  
  47  3:54  Evolution Chamber  
  48  3:56  Baneling  
  48  3:57  Drone  
  48  4:02  Drone x3  
  52  4:07  Drone x2  
  55  4:17  Roach x3  
  55  4:19  Roach  
  55  4:21  Roach  
  55  4:24  Overlord, Spine Crawler  
  63  4:25  Roach  
  63  4:26  Extractor, Baneling  
  63  4:30  Overlord  
  64  4:37  Spine Crawler  
  63  4:39  Roach  
  63  4:44  Roach x3  
  70  4:47  Roach x2  
  70  4:50  Roach  
  70  4:52  Roach  
  74  4:56  Roach, Zergling x2  
  74  4:58  Roach  
  77  5:03  Roach  
  77  5:04  Zergling x2  
  74  5:08  Roach, Zergling x4  
  74  5:12  Evolution Chamber  
  74  5:14  Queen  
  74  5:16  Queen  
  78  5:22  Lair  
  78  5:25  Overlord  
  78  5:28  Drone x2  
  79  5:31  Drone x2  
  82  5:37  Overlord  
  82  5:44  Drone x3  
  82  5:48  Zerg Missile Weapons Level 1  
  84  5:50  Drone x2  
  84  5:53  Overlord  
  84  5:55  Drone x2  
  88  5:57  Overlord  
  88  6:01  Drone x3  
  90  6:04  Overlord  
  90  6:09  Overlord, Zergling x2  
  90  6:12  Roach  
  90  6:13  Roach  
  90  6:14  Drone  
  90  6:16  Extractor x2  
  92  6:19  Extractor  
  92  6:20  Drone x2  
  92  6:21  Glial Reconstitution  
  93  6:26  Spire  
  93  6:27  Drone  
  93  6:29  Drone  
  94  6:33  Drone x5  
  94  6:36  Baneling x2  
  99  6:43  Drone  
  99  6:44  Drone x4  
  99  6:46  Overlord x2  
  104  6:53  Overseer  
  104  6:56  Hatchery  
  104  6:59  Overlord  
  104  7:00  Roach  
  104  7:01  Roach  
  107  7:06  Roach x2  
  111  7:10  Roach x3  
  111  7:15  Overlord  
  117  7:21  Overlord  
  117  7:24  Drone  
  117  7:25  Drone x3  
  121  7:36  Overlord  
  121  7:37  Mutalisk x2  
  121  7:38  Mutalisk x3  
  121  7:40  Drone  
  121  7:41  Evolution Chamber  
  121  7:43  Drone x5  
  121  7:44  Drone  
  137  7:47  Extractor, Zerg Missile Weapons Level 2  
  137  7:48  Drone  
  137  7:52  Roach  
  137  7:54  Overlord  
  137  7:56  Ravager  
  137  7:57  Ravager x3  
  137  7:58  Roach  
  145  8:04  Roach x2  
  149  8:06  Roach x5  
  149  8:09  Roach x2  
  149  8:12  Extractor  
  163  8:14  Zerg Ground Armor Level 1  
  163  8:17  Roach x3  
  169  8:22  Overlord  
  169  8:27  Roach x5  
  169  8:31  Overlord  
  169  8:32  Ravager  
  180  8:35  Roach x4  
  180  8:36  Roach  
  180  8:39  Overlord  
  180  8:40  Overlord  
  187  8:42  Roach x2  
  187  8:43  Overlord  
  191  8:49  Overlord  
  191  8:51  Roach x4  
  199  8:56  Ravager  
  198  9:11  Roach x3  
  198  9:15  Roach  
  198  9:16  Roach x4  
  198  9:17  Overseer  
  198  9:20  Roach x2  
  195  9:24  Spine Crawler  
  195  9:27  Roach x4  
  200  9:35  Roach x7  
  191  9:40  Roach x3, Overseer  
  191  9:45  Roach  
  183  9:46  Queen  
  183  9:49  Hatchery, Spine Crawler, Ravager  
  183  9:50  Ravager  
  183  9:51  Ravager  
  183  9:52  Roach x3  
  192  9:54  Overseer  
  192  9:55  Pneumatized Carapace  
  192  10:02  Infestation Pit  
  192  10:04  Roach x4  
  199  10:13  Roach x5  
  197  10:19  Roach x4  
  191  10:23  Roach x3  
  180  10:29  Roach x4  
  188  10:37  Roach x5  
  200  10:42  Roach  
  200  10:47  Overseer  
  200  10:49  Overseer  
  198  10:55  Roach x3  
  199  11:09  Roach x3  
  197  11:17  Roach x6  
  199  11:27  Roach Warren  
  199  11:29  Roach x2  
  199  11:32  Roach x2  
  200  11:33  Roach  
  200  11:37  Roach  
  200  11:38  Roach  
  196  11:44  Roach x4  
  196  11:45  Roach x2  
  199  11:47  Overseer  
  199  11:51  Roach  
  193  11:56  Ravager x7  
  194  12:01  Roach  
  194  12:02  Roach  
  177  12:26  Roach x2  
  178  12:30  Hatchery  
Tags
 
Add a new tag
Caveats
  • Supply blocks, unpowered buildings, or Contaminate may cause inaccurate times.
  • Supply counts are checked every 10 seconds.